 Dungeon Crawl Stone Soup version 0.28.0-47-ge53b351184 (webtiles) character file.

Game seed: 6389814842799842713

74 Bruhh the Ogre Mage (level 4, 10/39 HPs)
             Began as an Ogre Earth Elementalist on Apr 28, 2022.
             Quit the game on level 3 of the Dungeon.
             The game lasted 00:03:08 (1672 turns).

Bruhh the Ogre Mage (Ogre Earth Elementalist)       Turns: 1672, Time: 00:03:08

Health: 10/39      AC:  3    Str: 18    XL:     4   Next: 30%
Magic:  2/9        EV:  9    Int: 24    God:
Gold:   54         SH:  0    Dex:  9    Spells: 9/10 levels left

rFire   . . .      SeeInvis .   (no weapon)
rCold   . . .      Faith    .   (no shield)
rNeg    . . .      Spirit   .   b - +0 robe
rPois   .          Reflect  .   (helmet restricted)
rElec   .          Harm     .   (no cloak)
rCorr   .          Rampage  .   (gloves unavailable)
Will    .....                   (boots unavailable)
Stlth   +.........              (no amulet)
HPRegen 0.13/turn               a - +6 ring of intelligence
MPRegen 0.11/turn               d - +6 ring of strength

@: no status effects
A: large, unfitting armour, tough skin 1
a: no special abilities


You were on level 3 of the Dungeon.
You visited 1 branch of the dungeon, and saw 3 of its levels.

You collected 54 gold pieces.

Inventory:

Armour
 b - a +0 robe (worn)
Jewellery
 a - a +6 ring of intelligence (left hand)
 d - a +6 ring of strength (right hand)
Wands
 l - a wand of iceblast (4)
Scrolls
 g - 2 scrolls of identify {unknown}
 h - 2 scrolls of blinking {unknown}
 j - a scroll of teleportation {unknown}
Potions
 e - a potion of heal wounds {unknown}
 f - a potion of lignification {unknown}
 i - 2 potions of curing {unknown}
 k - a potion of attraction {unknown}


   Skills:
 - Level 1.7 Dodging
 - Level 1.4 Stealth
 + Level 3.9 Spellcasting
 - Level 0.8 Transmutations
 + Level 3.7 Earth Magic


You had 9 spell levels left.
You knew the following spells:

 Your Spells              Type           Power      Damage    Failure   Level
a - Sandblast             Erth           44%        2d11      2%          1

Your spell library contained the following spells:

 Spells                   Type           Power      Damage    Failure   Level
 Passwall                 Tmut/Erth      12%        N/A       6%          2
 Wereblood                Tmut           8%         N/A       11%         2
 Stone Arrow              Conj/Erth      26%        3d8       14%         3
 Corpse Rot               Necr/Air       8%         N/A       16%         2
 Poisonous Vapours        Pois/Air       8%         N/A       16%         2
 Static Discharge         Conj/Air       4%         N/A       16%         2
 Sublimation of Blood     Necr           4%         N/A       16%         2
 Petrify                  Tmut/Erth      15%        N/A       36%         4
 Dispel Undead            Necr           4%         3d7       69%         4
 Sticky Flame             Conj/Fire      4%         2d3       69%         4
 Summon Hydra             Summ           2%         N/A       100%        7


Dungeon Overview and Level Annotations

Branches:
Dungeon (3/15)

Altars:
Qazlal

Shops:
D:1 [

Annotations:
D:3 Ijyb


Innate Abilities, Weirdness & Mutations

You are too large for most types of armour.
You have tough skin. (AC +1)


Message History

Aim: Ijyb, wielding a +0 dagger and wearing a +0 leather armour (severely wounded, 76% to hit)
The blast of sand hits Ijyb but does no damage.
Ijyb is severely wounded.
Ijyb grins evilly.
Ijyb hits you with a +0 dagger.
An endoplasm comes into view.
The endoplasm quivers.
Casting: Sandblast (safe; 2% risk of failure)
Confirm with . or Enter, or press ? or * to list all spells.
Aiming: Sandblast (safe; 2% risk of failure)
Press: ? - help, Shift-Dir - straight line, f/p - Ijyb
Aim: Ijyb, wielding a +0 dagger and wearing a +0 leather armour (heavily wounded, 76% to hit)
The blast of sand hits Ijyb but does no damage.
Ijyb is heavily wounded.
You now have no stones remaining.
You hit Ijyb.
Ijyb is severely wounded.
Ijyb hits you with a +0 dagger.
You hit Ijyb but do no damage.
Ijyb is severely wounded.
Ijyb hits you with a +0 dagger.
You hit Ijyb.
Ijyb is severely wounded.
Ijyb closely misses you.
You hit Ijyb but do no damage.
Ijyb is severely wounded.
Ijyb hits you with a +0 dagger.
* * * LOW HITPOINT WARNING * * *
You closely miss Ijyb.
Ijyb is severely wounded.
Ijyb hits you with a +0 dagger.
* * * LOW HITPOINT WARNING * * *
A bat comes into view.
Found a Young Poisoner's Handbook.
The bat hits you but does no damage. The bat hits you.
* * * LOW HITPOINT WARNING * * *
The bat barely misses you. The bat hits you but does no damage.
Are you sure you want to abandon this character and quit the game? (Confirm with "yes".)

#.# #.#..#..... ..#
#.#..#..... # ###
#.#..#..... #.
#.#........ ###.###
#.#.#......
.......#######.#......##
##............###..#.#
#........J.#######.#.##
#.....@g...# #.......
#...:b.....# #.#...##
####+####### #.#..>..
#)#.##.# #.#.##.#
#.#.##.# #.#....#
#....... #############.#


You could see Ijyb, an endoplasm and a bat.

Vanquished Creatures
  Terence (D:3)
  An adder (D:2)
  A dart slug (D:2)
  2 endoplasms (D:1)
  2 giant cockroaches (D:1)
  3 goblins
  5 hobgoblins
  5 kobolds
  2 quokkas (D:2)
  6 ball pythons
  9 bats
  A frilled lizard (D:1)
  2 rats
40 creatures vanquished.

Notes
Turn   | Place    | Note
-------+----------+-------------------------------------------
     0 | D:1      | Bruhh the Ogre Earth Elementalist began the quest for the
                  | Orb.
     0 | D:1      | Reached XP level 1. HP: 16/16 MP: 3/3
   134 | D:1      | Reached XP level 2. HP: 24/24 MP: 3/5
   439 | D:1      | Found Adublyssu's Antique Armour Boutique.
   548 | D:1      | Reached XP level 3. HP: 29/31 MP: 2/7
  1104 | D:2      | Found a stormy altar of Qazlal.
  1506 | D:3      | Noticed Terence
  1513 | D:3      | Killed Terence
  1514 | D:3      | Reached XP level 4. HP: 31/39 MP: 4/9
  1606 | D:3      | Noticed Ijyb
  1609 | D:3      | Paralysed by Ijyb for 2 turns
  1621 | D:3      | Paralysed by Ijyb for 6 turns
  1632 | D:3      | Paralysed by Ijyb for 7 turns
  1672 | D:3      | Quit the game

Illustrated notes

Levels and vault maps discovered:
D:1:      amcnicky_arrival_single_pillar, layout_rooms, serial_shops, shop
D:2:      layout_loops_ring, basic_altar, kennysheep_boxes
D:3:      layout_basic, minmay_cut_off, uniq_grinder, uniq_ijyb, uniq_terence,
          uniq_robin, uniq_sigmund

Skill      XL: |  1  2 |
---------------+-------+-----
Earth Magic    | 3 |  3.7
Spellcasting   | 3 |  3.9
Dodging        | |  1.7
Stealth        | |  1.4
Transmutations | |  0.8

Action                   |  1- 3 |  4- 6 || total
-------------------------+-------+-------++-------
Melee: Unarmed           |     7 |     5 ||    12
 Cast: Sandblast         |    50 |    12 ||    62
Armor: Robe              |    14 |     3 ||    17
Dodge: Dodged            |    10 |     4 ||    14
